 Dungeon Sprint DCSS version 0.26-a0-113-gd8a95b691d (webtiles) character file.

Game seed: 3994508201569722572

427 Apogee the Magician (level 6, -2/53 HPs)
             Began as a Gnoll Skald on June 25, 2020.
             Was an Initiate of Okawaru.
             Slain by a slime creature (21 damage)
             ... in the Dungeon (Sprint I: "Red Sonja").
             The game lasted 00:02:25 (687 turns).

Apogee the Magician (Gnoll Skald)                    Turns: 687, Time: 00:02:26

Health: -2/53      AC:  3    Str: 15    XL:     6   Next: 97%
Magic:  10/16      EV: 15    Int: 16    God:    Okawaru [......]
Gold:   313        SH:  0    Dex: 14    Spells: 11/19 levels left

rFire    . . .     SeeInvis .   a - +0 spear
rCold    . . .     Faith    .   (no shield)
rNeg     . . .     Spirit   .   b - +0 leather armour
rPois    .         Reflect  .   (no helmet)
rElec    .         Harm     .   (no cloak)
rCorr    .         NoTele   +   (no gloves)
MR       .....                  (no boots)
Stlth    +++.......             (no amulet)
HPRegen  0.17/turn              (no ring)
MPRegen  0.15/turn              (no ring)

@: infused
A: distributed training, fangs 1, strong nose
a: Renounce Religion


You were in the Dungeon.
You worshipped Okawaru.
Okawaru was noncommittal.
You were not hungry.

You visited 1 branch You collected 313 gold pieces.

Inventory:

Hand Weapons
 a - a +0 spear (weapon)
Armour
 b - a +0 leather armour (worn)
Scrolls
 j - a scroll of blinking {!r}
Potions
 c - a potion of brilliance {unknown}
 e - a potion of curing
 f - a potion of heal wounds
 g - a potion of haste
 h - 2 potions of magic
 i - a potion of berserk rage {!q}
Comestibles
 d - a ration
 k - 5 chunks of flesh


   Skills:
 + Level 6.8 Fighting
 + Level 4.9 Short Blades
 + Level 4.9 Long Blades
 + Level 4.9 Axes
 + Level 4.9 Maces & Flails
 + Level 6.8 Polearms
 + Level 4.9 Staves
 + Level 4.9 Slings
 + Level 4.9 Bows
 + Level 4.9 Crossbows
 + Level 4.9 Throwing
 + Level 5.6 Armour
 + Level 6.8 Dodging
 + Level 4.9 Stealth
 + Level 4.9 Shields
 + Level 4.9 Unarmed Combat
 + Level 7.1 Spellcasting
 + Level 4.1 Conjurations
 + Level 4.1 Hexes
 + Level 6.9 Charms
 + Level 4.1 Summonings
 + Level 4.1 Necromancy
 + Level 4.1 Translocations
 + Level 4.1 Transmutations
 + Level 4.1 Fire Magic
 + Level 4.1 Ice Magic
 + Level 4.1 Air Magic
 + Level 4.1 Earth Magic
 + Level 4.1 Poison Magic
 + Level 5.4 Invocations
 + Level 4.9 Evocations


You had 11 spell levels left.
You knew the following spells:

 Your Spells              Type           Power        Failure   Level  Hunger
a - Infusion              Chrm           ####         1%          1    None
b - Song of Slaying       Chrm           ####....     1%          2    None
c - Ozocubu's Armour      Chrm/Ice       ###.....     4%          3    ##.....
d - Shroud of Golubria    Chrm/Tloc      ###...       2%          2    None

Your spell library contained the following spells:

 Spells                   Type           Power        Failure   Level  Hunger
 Spectral Weapon          Hex/Chrm       ###.....     4%          3    ##.....


Dungeon Overview and Level Annotations

Branches:
Dungeon (1/1)

Altars:
Cheibriados
Dithmenos
Elyvilon
Fedhas
Gozag
Hepliaklqana
Kikubaaqudgha
Makhleb
Nemelex Xobeh
Okawaru
Qazlal
Ru
Sif Muna
Trog
Uskayaw
Vehumet
Wu Jian
Xom
Yredelemnul
Zin
The Shining One
Jiyva
Lugonu

Shops:
D !

Annotations:
D exclusion: door, Sonja


Innate Abilities, Weirdness & Mutations

Your experience applies equally to all skills.
You have very sharp teeth.
Your uncanny sense of smell can sniff out nearby items.


Message History

You bite the slime creature, but do no damage.
The slime creature is severely wounded.
The slime creature closely misses you.
You hit the slime creature!
You bite the slime creature, but do no damage.
The slime creature is almost dead.
The slime creature hits you.
You barely miss the slime creature.
The slime creature is almost dead.
You barely miss the slime creature.
The slime creature is almost dead.
The slime creature hits you!
You hit the slime creature.
You bite the slime creature, but do no damage.
The slime creature is almost dead.
The slime creature misses you.
You hit the slime creature.
The slime creature is almost dead.
The slime creature hits you!!
You die...

###################
#<.#..'..#.)'..#__#∆∆
#..'))#..'..#..@J.+∆∆
#..#####'#####'#__#
#..####..#...#.####∆∆
#..#__####..##.# ∆
#..#_____##'#_.+
#⌠⌠#_.∩...÷..._# ∆
####_..__##_.#+#
∆∆#_____###+#∆ ∆∆∆∆
####### #.# ∆


You could see a slime creature.

Vanquished Creatures
  Sigmund (D)
  A yak (D)
  An ogre (D)
  A jelly (D)
  Ijyb (D)
5 creatures vanquished.

Notes
Turn   | Place    | Note
-------+----------+-------------------------------------------
     0 | D        | Apogee the Gnoll Skald began the quest for the Orb.
     0 | D        | Reached XP level 1. HP: 20/20 MP: 6/6
     1 | D        | Noticed Ijyb
    17 | D        | Killed Ijyb
    17 | D        | Reached skill level 1 in Short Blades
    17 | D        | Reached skill level 1 in Long Blades
    17 | D        | Reached skill level 1 in Axes
    17 | D        | Reached skill level 1 in Maces & Flails
    17 | D        | Reached skill level 1 in Staves
    17 | D        | Reached skill level 1 in Slings
    17 | D        | Reached skill level 1 in Bows
    17 | D        | Reached skill level 1 in Crossbows
    17 | D        | Reached skill level 1 in Throwing
    17 | D        | Reached skill level 1 in Stealth
    17 | D        | Reached skill level 1 in Shields
    17 | D        | Reached skill level 1 in Unarmed Combat
    17 | D        | Reached skill level 5 in Spellcasting
    17 | D        | Reached skill level 1 in Conjurations
    17 | D        | Reached skill level 1 in Hexes
    17 | D        | Reached skill level 1 in Summonings
    17 | D        | Reached skill level 1 in Necromancy
    17 | D        | Reached skill level 1 in Translocations
    17 | D        | Reached skill level 1 in Transmutations
    17 | D        | Reached skill level 1 in Fire Magic
    17 | D        | Reached skill level 1 in Ice Magic
    17 | D        | Reached skill level 1 in Air Magic
    17 | D        | Reached skill level 1 in Earth Magic
    17 | D        | Reached skill level 1 in Poison Magic
    17 | D        | Reached skill level 1 in Invocations
    17 | D        | Reached skill level 1 in Evocations
    17 | D        | Reached XP level 2. HP: 18/26 MP: 8/8
    17 | D        | Reached XP level 3. HP: 22/32 MP: 9/9
   118 | D        | Learned a level 2 spell: Song of Slaying
   120 | D        | Noticed an ogre
   128 | D        | Killed an ogre
   128 | D        | Reached skill level 5 in Fighting
   128 | D        | Reached skill level 5 in Polearms
   128 | D        | Reached skill level 5 in Dodging
   128 | D        | Reached XP level 4. HP: 22/39 MP: 4/11
   188 | D        | Learned a level 3 spell: Ozocubu's Armour
   365 | D        | Noticed Sigmund
   378 | D        | Killed Sigmund
   378 | D        | Reached skill level 5 in Armour
   378 | D        | Reached skill level 6 in Spellcasting
   378 | D        | Reached XP level 5. HP: 27/46 MP: 8/14
   378 | D        | Reached XP level 6. HP: 31/52 MP: 8/15
   421 | D        | Learned a level 2 spell: Shroud of Golubria
   510 | D        | Found an ornate altar of the Wu Jian Council.
   510 | D        | Found a shimmering blue altar of Sif Muna.
   512 | D        | Found a radiant altar of Vehumet.
   547 | D        | Found Ickero's Distillery.
   547 | D        | Found an ancient bone altar of Kikubaaqudgha.
   547 | D        | Found a hazy altar of Hepliaklqana.
   547 | D        | Found a hide-covered altar of Uskayaw.
   547 | D        | Found a basalt altar of Yredelemnul.
   547 | D        | Found an opulent altar of Gozag.
   547 | D        | Found a snail-covered altar of Cheibriados.
   547 | D        | Found a sacrificial altar of Ru.
   547 | D        | Found a shadowy altar of Dithmenos.
   547 | D        | Noticed a yak
   561 | D        | Killed a yak
   561 | D        | Reached skill level 7 in Spellcasting
   561 | D        | Reached skill level 5 in Invocations
   562 | D        | Found a stormy altar of Qazlal.
   562 | D        | Found a blossoming altar of Fedhas.
   562 | D        | Found a bloodstained altar of Trog.
   562 | D        | Found an iron altar of Okawaru.
   562 | D        | Found a glowing golden altar of the Shining One.
   562 | D        | Found a glowing silver altar of Zin.
   562 | D        | Found a white marble altar of Elyvilon.
   565 | D        | Found a sparkling altar of Nemelex Xobeh.
   610 | D        | Became a worshipper of Warmaster Okawaru
   627 | D        | Noticed Sonja
   673 | D        | Found a viscous altar of Jiyva.
   673 | D        | Found a corrupted altar of Lugonu.
   673 | D        | Noticed a slime creature
   674 | D        | Found a burning altar of Makhleb.
   674 | D        | Found a shimmering altar of Xom.
   687 | D        | Slain by a slime creature

Illustrated notes

Levels and vault maps discovered:
D:        dungeon_sprint_1 [red_sonja_temple_1, red_sonja_temple_small_1]

Skill      XL: |  1  2  3  4  5  6 |
---------------+-------------------+-----
Short Blades   | 1 2 4 |  4.9
Long Blades    | 1 2 4 |  4.9
Axes           | 1 2 4 |  4.9
Maces & Flails | 1 2 4 |  4.9
Staves         | 1 2 4 |  4.9
Slings         | 1 2 4 |  4.9
Bows           | 1 2 4 |  4.9
Crossbows      | 1 2 4 |  4.9
Throwing       | 1 2 4 |  4.9
Armour         | 3 5 |  5.6
Stealth        | 1 2 4 |  4.9
Shields        | 1 2 4 |  4.9
Unarmed Combat | 1 2 4 |  4.9
Spellcasting   | 5 6 7 |  7.1
Conjurations   | 1 2 3 4 |  4.1
Hexes          | 1 2 3 4 |  4.1
Summonings     | 1 2 3 4 |  4.1
Necromancy     | 1 2 3 4 |  4.1
Translocations | 1 2 3 4 |  4.1
Transmutations | 1 2 3 4 |  4.1
Fire Magic     | 1 2 3 4 |  4.1
Ice Magic      | 1 2 3 4 |  4.1
Air Magic      | 1 2 3 4 |  4.1
Earth Magic    | 1 2 3 4 |  4.1
Poison Magic   | 1 2 3 4 |  4.1
Invocations    | 1 3 4 5 |  5.4
Evocations     | 1 2 4 |  4.9
Fighting       | 5 6 |  6.8
Polearms       | 5 6 |  6.8
Dodging        | 5 6 |  6.8
Charms         | 6 |  6.9

Action                   |  1- 3 |  4- 6 || total
-------------------------+-------+-------++-------
Melee: Spear             |    19 |    40 ||    59
       Bite              |     1 |     6 ||     7
 Cast: Infusion          |     1 |     4 ||     5
 Stab: Sleeping          |       |     3 ||     3
Armor: Leather armour    |     1 |     2 ||     3
Dodge: Dodged            |     7 |    13 ||    20

Table legend:
 A = Non-vault XP
 B = Vault XP
 C = Vault XP percentage of total XP
 D = Non-vault monster count
 E = Vault monster count
 F = Vault count percentage of total count
                 A         B        C        D         E       F
            +---------+---------+-------+---------+---------+-------
      Total |       0 |     611 | 100.0 |       0 |       5 | 100.0
            +---------+---------+-------+---------+---------+-------
          D |       0 |     611 | 100.0 |       0 |       5 | 100.0
            +---------+---------+-------+---------+---------+-------
